 Dungeon Crawl Stone Soup version 0.24.0-13-gcf9b3192b9 (webtiles) character file.

Game seed: 11840183470618611036, levelgen mode: deterministic

15641 Revguard the Cleaver (level 12, -9/92 HPs)
             Began as a Demonspawn Berserker on Nov 10, 2019.
             Was a Priest of Trog.
             Killed from afar by a green death (32 damage)
             ... with a bolt of poison
             ... in a Gauntlet.
             The game lasted 00:38:40 (11099 turns).

Revguard the Cleaver (Demonspawn Berserker)        Turns: 11099, Time: 00:38:43

Health: -9/92      AC: 18    Str: 21    XL:     12   Next: 3%
Magic:  16/18      EV: 12    Int:  9    God:    Trog [***...]
Gold:   628        SH:  0    Dex: 23    Spells: 11/11 levels left

rFire    . . .     SeeInvis .   v - +7 battleaxe (distort)
rCold    . . .     Gourm    .   (shield currently unavailable)
rNeg     + . .     Faith    .   E - +1 storm dragon scales
rPois    .         Spirit   .   (helmet restricted)
rElec    +         Reflect  .   b - +1 cloak
rCorr    +         Harm     .   w - +0 pair of gloves
MR       ++...     Rnd*Rage +   (no boots) Stlth +.........NoTele +
                                n - amulet "Geoph" {rElec rN+ Regen+ Str+3 Dex+4}
HPRegen  1.65/turn              m - ring of flight
MPRegen  0.16/turn              L - ring of resist corrosion

@: lethally poisoned (-9 -> -10), berserk cooldown, regenerating, lightly
drained
A: claws 1, horns 1, agile 1, berserk 1, mutation resistance 1, nightstalker 2,
spiny 2, MP-powered wands
a: Berserk, Trog's Hand, Renounce Religion, Evoke Flight


You were in a Gauntlet.
You worshipped Trog.
Trog was most pleased with you.
You were not hungry.

You visited 1 branch of the dungeon, and saw 12 of its levels.
You also visited: Gauntlet.

You collected 733 gold pieces.
You spent 105 gold pieces at shops.

Inventory:

Hand Weapons
 v - a +7 battleaxe of distortion (weapon)
Missiles
 e - 35 poisoned darts (quivered)
 y - 19 boomerangs
Armour
 b - a +1 cloak (worn)
 w - a +0 pair of gloves (worn)
 E - +1 storm dragon scales (worn)
Jewellery
 m - a ring of flight (left hand)
 n - the amulet "Geoph" (around neck) {rElec rN+ Regen+ Str+3 Dex+4}
   (You found it in a Gauntlet)

   [amulet of regeneration]

   It affects your strength (+3).
   It affects your dexterity (+4).
   It insulates you from electricity.
   It protects you from negative energy.
   It increases your rate of regeneration.
 H - an uncursed amulet of the acrobat
 L - a ring of resist corrosion (right hand)
Wands
 g - a wand of acid (9)
 k - a wand of polymorph (11)
 o - a wand of random effects (17)
 u - a wand of iceblast (10)
 x - a wand of flame (12)
 J - a wand of enslavement (20)
 M - a wand of scattershot (6)
Scrolls
 d - 2 scrolls of blinking
 i - a scroll of noise
 j - a scroll of magic mapping
 l - 3 scrolls of teleportation
 q - a scroll of immolation
 t - 4 scrolls of fear
 z - a scroll of fog
 G - 3 scrolls of identify
 I - a scroll of remove curse
Potions
 a - a potion of lignification
 f - 2 potions of flight
 h - 3 potions of curing
 p - 2 potions of might
 r - 3 potions of brilliance
 s - a potion of heal wounds
 A - a potion of magic
 D - 4 potions of haste
 F - 2 potions of cancellation
Miscellaneous
 K - a lightning rod (4/4)
Comestibles
 c - 23 rations


   Skills:
 + Level 7.6(7.4) Fighting
 + Level 11.2(10.9) Axes
 + Level 3.7(3.5) Throwing
 + Level 8.4(8.1) Armour
 + Level 5.4(5.2) Dodging
 * Level 8.3(8.1) Evocations


You had 11 spell levels left.
You didn't know any spells.
Your spell library was empty.

Dungeon Overview and Level Annotations

Branches:
Dungeon (12/15)            Temple (0/1) D:4            Lair (0/6) D:11
    Orc (0/2) D:10        Gauntlet (1/1)

Altars:
Ashenzari
Dithmenos
Makhleb
Ru
Vehumet
Wu Jian
Xom
Yredelemnul
Beogh

Shops:
D:4 (   D:5 *   D:12 %

Annotations:
D:12 Jorgrun Gauntlet 7 transporters


Innate Abilities, Weirdness & Mutations

You have sharp fingernails.
You are significantly more attuned to the shadows.
You are mostly covered in sharp spines.
You have a pair of small horns on your head.
You are agile. (Dex +2)
You tend to lose your temper in combat.
You are somewhat resistant to further mutation.
You expend magic power (3 MP) to strengthen your wands.


Message History

The green death is moderately wounded.
You are engulfed in poison gas.
You are more poisoned.
You feel very sick. The green death gestures at you.
The bolt of poison misses you.
You feel very sick. The green death hits you.
You feel better.
The green death is struck by your spines.
The green death hits you!!
* * * LOW HITPOINT WARNING * * *
The green death gestures at you. The poison arrow misses you.
You barely miss the green death.
The green death is heavily wounded.
You feel yourself speed up. The green death gestures at you.
The bolt of poison hits you!!
You are poisoned.
You die...

####.©..©.###########
≈#≈########§#≈#§#≈#≈##
..............§......##
......∩..............≈#
######..###########..##
.#.#©#..#$...©"#.)#..≈#
.#%.##..#.....#...#..##
.#?=2#..##....#.○○#..≈#
.©####..#.##.#..@.#..##
.....#..#...###2..#..≈#
####.#..#....#©##°#..##
.....#..#...#..☼○##..≈#
######..#...#.○...#..##
#©#.....#..#......#..≈#
#©#.....###########§.##
######......#©#......≈#
.©!#.#......#©#......##


You could see a green death.

Vanquished Creatures
  Harold (D:8)
  2 two-headed ogres (D:8)
  An unseen horror (D:11)
  A deep elf mage (D:11)
  A manticore (D:11)
  An oklob plant (D:11)
  An ugly thing (D:8)
  A centaur zombie (D:11)
  A centaur skeleton (D:10)
  A troll (D:11)
  Prince Ribbit (D:6)
  Grinder (D:4)
  2 slime creatures (Gauntlet)
  4 hippogriffs
  Sigmund (D:6)
  A spriggan (D:7)
  15 yaks
  A wyvern (D:11)
  A large abomination (Gauntlet)
  A steam dragon (D:10)
  A hungry ghost (D:7)
  Menkaure (D:4)
  An acid dragon (D:11)
  Duvessa (D:5)
  A water moccasin (D:5)
  2 small abominations (Gauntlet)
  5 orc warriors
  3 ice beasts
  2 phantoms
  3 sky beasts
  3 black bears
  4 ogres
  2 centaurs (D:8)
  Blork the orc (D:6)
  4 bullfrogs
  A gnoll sergeant (D:10)
  Dowan (D:5)
  5 scorpions
  5 killer bees (D:8)
  3 wights (D:10)
  4 howler monkeys
  5 crimson imps
  Crazy Yiuf (D:2)
  A bullfrog zombie (D:8)
  3 hounds
  5 bullfrog skeletons
  5 jellies
  5 orc priests
  6 orc wizards
  Jessica (D:2)
  Ijyb (D:3)
  An iguana (D:4)
  11 worker ants
  A hound skeleton (D:6)
  3 worker ant zombies
  5 gnolls (D:10)
  A howler monkey zombie (D:7)
  15 adders
  3 shadow imps
  3 oozes
  3 adder skeletons
  A worm (D:3)
  3 dart slugs
  6 leopard geckos
  57 orcs
  8 bats
  5 giant cockroaches
  10 goblins
  10 hobgoblins
  17 jackals
  4 quokkas
  A ball python (D:2)
  2 frilled lizards
  17 kobolds
  A quokka skeleton (D:5)
  8 rats
  3 demonic plants (Gauntlet)
  4 plants (D:11)
328 creatures vanquished.

Vanquished Creatures (collateral kills)
  An unseen horror (D:10)
  An oklob plant (D:11)
  An orc warrior (D:10)
  An orc priest (D:10)
  An orc wizard (D:10)
  4 orcs (D:10)
  5 plants (D:11)
14 creatures vanquished.

Vanquished Creatures (others)
  A small abomination (Gauntlet)
  2 orc warriors
  An orc wizard (D:11)
  11 demonic plants (Gauntlet)
15 creatures vanquished.

Grand Total: 357 creatures vanquished

Notes
Turn   | Place    | Note
-------+----------+-------------------------------------------
     0 | D:1      | Revguard the Demonspawn Berserker began the quest for the
                  | Orb.
     0 | D:1      | Reached XP level 1. HP: 18/18 MP: 1/1
   130 | D:1      | Gained mutation: You have sharp fingernails. [demonic
                  | ancestry]
   130 | D:1      | Reached XP level 2. HP: 8/24 MP: 2/2
   474 | D:1      | Reached skill level 3 in Axes
  1319 | D:2      | Gained mutation: You are partially covered in sharp spines.
                  | [demonic ancestry]
  1319 | D:2      | Reached XP level 3. HP: 29/29 MP: 3/3
  1416 | D:2      | Noticed a black bear
  1431 | D:2      | Killed a black bear
  1431 | D:2      | Reached skill level 4 in Axes
  1431 | D:2      | Gained mutation: You are mostly covered in sharp spines.
                  | [demonic ancestry]
  1431 | D:2      | Reached XP level 4. HP: 37/37 MP: 4/4
  1543 | D:2      | Reached ** piety under Trog
  1620 | D:2      | Reached XP level 5. HP: 42/42 MP: 5/5
  1630 | D:2      | Noticed Jessica
  1638 | D:2      | Killed Jessica
  2076 | D:2      | Found a runed translucent door.
  2077 | D:2      | Noticed Crazy Yiuf
  2086 | D:2      | Killed Crazy Yiuf
  2586 | D:3      | Reached skill level 1 in Throwing
  2611 | D:3      | Found a shattered altar of Ashenzari.
  2619 | D:3      | Reached XP level 6. HP: 47/48 MP: 6/6
  2729 | D:3      | Noticed Ijyb
  2735 | D:3      | Reached *** piety under Trog
  2743 | D:3      | Killed Ijyb
  2743 | D:3      | Reached skill level 1 in Evocations
  2807 | D:3      | Found an ornate altar of the Wu Jian Council.
  2941 | D:3      | Found a shattered altar of Ashenzari.
  2941 | D:3      | Found a radiant altar of Vehumet.
  2946 | D:3      | Found a burning altar of Makhleb.
  2952 | D:3      | Found a faded altar of an unknown god.
  2954 | D:3      | Found a faded altar of an unknown god.
  3166 | D:3      | Gained mutation: You are weak. (Str -2) [potion of
                  | mutation]
  3166 | D:3      | Gained mutation: You have a pair of small horns on your
                  | head. [potion of mutation]
  3166 | D:3      | Gained mutation: You are frail. (-10% HP) [potion of
                  | mutation]
  3166 | D:3      | Gained mutation: Your flesh is heat resistant. (rF+)
                  | [potion of mutation]
  3197 | D:4      | You fall into a shaft and drop 3 floors!
  3208 | D:7      | Reached skill level 5 in Axes
  3213 | D:6      | Noticed Prince Ribbit
  3246 | D:6      | Killed Prince Ribbit
  3246 | D:6      | Reached XP level 7. HP: 28/48 MP: 8/8
  3292 | D:6      | Got a warped zirconium amulet
  3293 | D:6      | Identified the amulet of the Hidden Princes {Inacc *Drain
                  | rF+ Str+3 Int+4} (You found it on level 6 of the Dungeon)
  3359 | D:6      | Found a basalt altar of Yredelemnul.
  3673 | D:6      | Reached skill level 6 in Axes
  3677 | D:6      | Noticed Sigmund
  3685 | D:6      | Reached XP level 8. HP: 54/54 MP: 10/10
  3690 | D:6      | Killed Sigmund
  4086 | D:6      | Noticed Blork the orc
  4094 | D:6      | Killed Blork the orc
  4192 | D:5      | Entered Level 5 of the Dungeon
  4202 | D:5      | Reached **** piety under Trog
  4302 | D:5      | Found Tufeiwu's Assorted Antiques.
  4324 | D:5      | Bought a dented soapstone amulet for 105 gold pieces
  4511 | D:5      | Noticed Dowan
  4512 | D:5      | Noticed Duvessa
  4528 | D:5      | Killed Duvessa
  4536 | D:5      | Killed Dowan
  4573 | D:5      | Gained mutation: You are slightly more attuned to the
                  | shadows. [demonic ancestry]
  4573 | D:5      | Reached XP level 9. HP: 53/60 MP: 12/12
  4576 | D:5      | Found a shadowy altar of Dithmenos.
  4887 | D:4      | Found a shimmering altar of Xom.
  4963 | D:4      | Found Xuki's Weapon Shoppe.
  5025 | D:4      | Received a gift from Trog
  5154 | D:4      | Noticed Menkaure
  5159 | D:4      | Noticed Grinder
  5160 | D:4      | Found a staircase to the Ecumenical Temple.
  5165 | D:4      | Killed Menkaure
  5165 | D:4      | Reached skill level 5 in Fighting
  5165 | D:4      | Reached skill level 7 in Axes
  5165 | D:4      | Reached skill level 5 in Armour
  5175 | D:4      | Killed Grinder
  5523 | D:7      | Found a sacrificial altar of Ru.
  5645 | D:7      | Reached skill level 5 in Evocations
  6517 | D:8      | Reached skill level 8 in Axes
  6548 | D:8      | Received a gift from Trog
  6565 | D:8      | Reached XP level 10. HP: 38/66 MP: 14/14
  6649 | D:8      | Noticed a two-headed ogre
  6661 | D:8      | Killed a two-headed ogre
  6662 | D:8      | Noticed a two-headed ogre
  6674 | D:8      | Killed a two-headed ogre
  6871 | D:8      | Noticed a green ugly thing
  6878 | D:8      | Killed a green ugly thing
  6878 | D:8      | Reached skill level 9 in Axes
  6881 | D:8      | Noticed Harold
  6894 | D:8      | Killed Harold
  6953 | D:8      | Reached ***** piety under Trog
  7047 | D:8      | Lost mutation: You are frail. (-10% HP) [potion of
                  | mutation]
  7047 | D:8      | Lost mutation: You have a pair of small horns on your head.
                  | [potion of mutation]
  7047 | D:8      | Gained mutation: Scrolls take you a little longer to read.
                  | [potion of mutation]
  7047 | D:8      | Lost mutation: You are weak. (Str -2) [potion of mutation]
  7279 | D:9      | Reached skill level 5 in Dodging
  7287 | D:9      | Gained mutation: You are significantly more attuned to the
                  | shadows. [demonic ancestry]
  7287 | D:9      | Reached XP level 11. HP: 34/83 MP: 16/16
  7860 | D:9      | Lost mutation: Your flesh is heat resistant. (rF+) [potion
                  | of mutation]
  7860 | D:9      | Lost mutation: Scrolls take you a little longer to read.
                  | [potion of mutation]
  7860 | D:9      | Gained mutation: You have sharp toenails. [potion of
                  | mutation]
  7860 | D:9      | Gained mutation: You expend magic power (3 MP) to
                  | strengthen your wands. [potion of mutation]
  7860 | D:9      | Gained mutation: You tend to lose your temper in combat.
                  | [potion of mutation]
  7860 | D:9      | Gained mutation: You have a pair of small antennae on your
                  | head. [potion of mutation]
  7905 | D:9      | Found a sacrificial altar of Ru.
  8031 | D:9      | Received a gift from Trog
  8211 | D:10     | Entered Level 10 of the Dungeon
  8374 | D:10     | Reached skill level 10 in Axes
  8515 | D:10     | Found a roughly hewn altar of Beogh.
  8520 | D:10     | Found a staircase to the Orcish Mines.
  8524 | D:10     | Killed an unseen horror
  9246 | D:11     | Noticed a deep elf mage
  9583 | D:11     | Received a gift from Trog
  9923 | D:11     | Lost mutation: You have sharp toenails. [potion of
                  | mutation]
  9923 | D:11     | Lost mutation: You have a pair of small antennae on your
                  | head. [potion of mutation]
  9923 | D:11     | Gained mutation: You are agile. (Dex +2) [potion of
                  | mutation]
  9923 | D:11     | Gained mutation: You have a pair of small horns on your
                  | head. [potion of mutation]
  9923 | D:11     | Gained mutation: You are somewhat resistant to further
                  | mutation. [potion of mutation]
 10025 | D:11     | Killed an unseen horror
 10112 | D:11     | Killed a deep elf mage
 10112 | D:11     | Reached skill level 11 in Axes
 10378 | D:11     | Noticed an oklob plant
 10379 | D:11     | Found a staircase to the Lair.
 10379 | D:11     | Noticed an oklob plant
 10382 | D:11     | Killed an oklob plant
 10390 | D:11     | Killed an oklob plant
 10670 | D:12     | Found Poongye's Food Shop.
 10703 | D:12     | Noticed Jorgrun
 10704 | D:12     | Found a gate leading to a gauntlet.
 10731 | Gauntlet | Entered a Gauntlet
 10731 | Gauntlet | Found a transporter.
 10756 | Gauntlet | Found a transporter.
 10756 | Gauntlet | Found a transporter.
 10764 | Gauntlet | Found a transporter.
 10780 | Gauntlet | Found a transporter.
 10818 | Gauntlet | Found a transporter.
 10818 | Gauntlet | Found a transporter.
 10839 | Gauntlet | Found a transporter.
 10839 | Gauntlet | Noticed a green death
 10848 | Gauntlet | Found a transporter.
 10861 | Gauntlet | Found a transporter.
 10861 | Gauntlet | Found a transporter.
 10864 | Gauntlet | Noticed a hell beast
 10906 | Gauntlet | Found a transporter.
 11056 | Gauntlet | Reached XP level 12. HP: 84/92 MP: 18/18
 11076 | Gauntlet | Got a steaming brass amulet
 11083 | Gauntlet | Identified the amulet "Geoph" {rElec rN+ Regen+ Str+3
                  | Dex+4} (You found it in a Gauntlet)
 11099 | Gauntlet | Killed from afar by a green death

Levels and vault maps discovered:
D:1:      evilmike_arrival_home_sweet_home, layout_loops_corners,
          due_unseen_surprise
D:2:      layout_loops_ring, serial_rivers, chequers_serial_rivers_small_b,
          chequers_serial_rivers_micro_c, chequers_serial_rivers_room_a,
          chequers_serial_rivers_large_a, uniq_jessica, uniq_crazy_yiuf_cottage
D:3:      layout_loops_ring, chequers_temple_overflow_minitemple,
          lemuel_round_altar, lemuel_tele_altar, uniq_ijyb
D:4:      layout_cave_pools, minmay_temple_entry_stoned_glass, first_ration,
          serial_shops, kennysheep_mini_moat, chequers_hall_statues_corner_a,
          minmay_misc_feat_square, tgw_xom, uniq_grinder, uniq_menkaure
D:5:      layout_cave_pools, serial_shops, shop, chequers_serial_rivers_small_a,
          nicolae_dithmenos_shadow_blocks, uniq_duvessa
D:6:      layout_rooms, overflow_temple_1_default, minmay_pentangle,
          uniq_sigmund, uniq_prince_ribbit1, uniq_blork_the_orc
D:7:      minmay_recursive_quarters, layout_basic, basic_altar,
          chequers_mini_garden, the_bakery
D:8:      layout_basic, special_room [special_room_orc], uniq_harold
D:9:      layout_small_grid, nicolae_ru_sacrificial_ziggurat
D:10:     layout_loops_corners, david_orc_5
D:11:     layout_loops_ring, dpeg_oklobed_lair
D:12:     layout_irregular_city, gauntlet_entry_generic, serial_shops, shop,
          uniq_jorgrun
Gauntlet: minmay_gauntlet_mixed_big_or_small
          [gammafunk_gauntlet_arena_arrow_garden,
          minmay_gauntlet_arena_77_p_blocks, gammafunk_gauntlet_arena_split_x,
          minmay_gauntlet_arena_77_squiggly, nicolae_gauntlet_swirl,
          minmay_gauntlet_arena_77_radiant_squares, gauntlet_exit_green]

Skill      XL: |  1  2  3  4  5  6  7  8  9 10 11 |
---------------+----------------------------------+-----
Axes           | 3 4 5 6 8 9 11 | 11.2
Dodging        | 2 3 4 5 |  5.4
Armour         | 2 3 4 5 7 8 |  8.4
Throwing       | 1 2 3 |  3.7
Evocations     | 2 3 4 5 6 8 |  8.3
Fighting       | 4 5 6 7 |  7.6

Action                   |  1- 3 |  4- 6 |  7- 9 | 10-12 || total
-------------------------+-------+-------+-------+-------++-------
Melee: Hand axe          |   103 |   109 |   256 |       ||   468
       Headbutt          |       |     1 |    67 |    33 ||   101
       War axe           |       |       |    56 |   103 ||   159
       Battleaxe         |       |       |       |   160 ||   160
       Kick              |       |       |       |    32 ||    32
Throw: Dart              |     5 |    47 |    14 |     8 ||    74
Invok: Berserk           |     1 |     1 |     7 |     8 ||    17
       Trog's Hand       |       |       |     5 |     8 ||    13
       Brothers in Arms  |       |       |       |     2 ||     2
Evoke: Wand              |       |       |       |     1 ||     1
  Use: Scroll            |     2 |     1 |    14 |     9 ||    26
       Potion            |     2 |     1 |     1 |     5 ||     9
 Stab: Invisible         |       |     2 |       |       ||     2
       Sleeping          |       |       |       |     1 ||     1
  Eat: Chunk             |     2 |     7 |    22 |    17 ||    48
       Ration            |       |       |       |     3 ||     3
Armor: Animal skin       |     9 |       |       |       ||     9
       Chain mail        |    29 |    37 |       |       ||    66
       Ring mail         |       |     7 |    80 |       ||    87
       Storm dragon scal |       |       |    54 |   173 ||   227
Dodge: Dodged            |    58 |    45 |   165 |   153 ||   421
